 Dungeon Crawl Stone Soup version 0.20-a0-1122-gb7cbeb9 (webtiles) character file.

3210 M4edhros the Covert (level 9, -1/61 HPs)
             Began as an Octopode Artificer on May 12, 2017.
             Was a Follower of Qazlal.
             Slain by a killer bee (2 damage)
             ... on level 8 of the Dungeon on May 13, 2017.
             The game lasted 00:11:18 (9158 turns).

M4edhros the Covert (Octopode Artificer)            Turns: 9158, Time: 00:11:18

Health: -1/61      AC:  1    Str: 15 (16) XL:     9   Next: 97%
Magic:  3/11       EV: 16    Int: 16      God:    Qazlal [*.....]
Gold:   496        SH: 11    Dex: 15      Spells: 8/8 levels left

rFire    . . .     SeeInvis .   q - +3 trident
rCold    + . .     Gourm    .   i - +0 buckler
rNeg     . . .     Faith    .   (helmet restricted)
rPois    +         Spirit   .   (no amulet)
rElec    +         Reflect  .   x - ring "Jetotrei" {rPois rC+}
rCorr    .         Harm     .   E - ring of flight
MR       .....                  (no ring)
Stlth    ++++++....             (no ring)
Regen    0.2/turn               (no ring)
MPRegen  0.2/turn               (no ring)
                                (no ring)
                                (no ring)

@: mighty, lethally poisoned (-1 -> -3)
A: almost no armour, stealthy swim, amphibious, 8 rings, constrict 8, large bone
plates 1, camouflage 1, blink, blurry vision 1, clever 1, deterioration 1,
poison resistance, electricity resistance, gelatinous body 1, MP-powered wands
a: Blink, Renounce Religion, Evoke Flight


You were on level 8 of the Dungeon.
You worshipped Qazlal.
Qazlal was aware of your devotion.
You were not hungry.

You visited 2 branches of the dungeon, and saw 10 of its levels.

You collected 496 gold pieces.

Inventory:

Hand Weapons
 a - a +0 short sword
 j - a +0 mace of protection
 k - a +1 dagger of freezing
 q - a +3 trident (weapon)
 r - a +3 mace
Armour
 i - a +0 buckler (worn)
Jewellery
 x - the ring "Jetotrei" (left tentacle) {rPois rC+}
   (You found it on level 7 of the Dungeon)

   [ring of poison resistance]

   It protects you from cold.
   It protects you from poison.
 E - a ring of flight (right tentacle)
 J - a +2 ring of dexterity {unknown}
Wands
 b - a wand of flame (2/48)
 c - a wand of enslavement (0/24)
 d - a wand of random effects (0/48)
 g - a wand of confusion (27/48)
 O - a wand of paralysis (19/24)
Scrolls
 e - 3 scrolls of fog {unknown}
 l - 3 scrolls of amnesia
 m - 2 scrolls of immolation {unknown}
 n - 4 scrolls of teleportation {unknown}
 o - a scroll of fear {unknown}
 p - 2 scrolls of remove curse {unknown}
 s - a scroll of noise {unknown}
 t - 5 scrolls of identify {unknown}
 v - a scroll of acquirement {unknown}
 y - a scroll of vulnerability {unknown}
 z - 2 scrolls of enchant weapon {unknown}
 A - a scroll of magic mapping {unknown}
 C - a scroll of holy word {unknown}
 I - 2 scrolls of blinking {unknown}
 K - a scroll of random uselessness {unknown}
Potions
 h - a potion of mutation
 B - 3 potions of might
 D - 2 potions of agility {unknown}
 F - a potion of invisibility {unknown}
 H - a potion of resistance {unknown}
 M - a potion of curing {unknown}
 N - a potion of ambrosia {unknown}
Books
 u - a book of Cantrips

   Spells                             Type                      Level
   a - Confusing Touch                Hexes                        1
   b - Animate Skeleton               Necromancy                   1
   c - Summon Small Mammal            Summoning                    1
   d - Apportation                    Translocation                1
Comestibles
 f - 11 bread rations
 w - 2 meat rations
 L - 2 royal jellies
 Q - a fruit


   Skills:
 + Level 5.2 Fighting
 - Level 1.0 Short Blades
 + Level 5.5 Polearms
 + Level 5.6 Dodging
 - Level 12.1 Stealth
 * Level 4.3 Shields
 - Level 3.2 Evocations


You had 8 spell levels left.
You didn't know any spells.

Dungeon Overview and Level Annotations

Branches:
Dungeon (9/15)             Temple (1/1) D:7
   Lair: D:8-11         Orc: D:9-12

Altars:
Ashenzari
Cheibriados
Dithmenos
Elyvilon
Fedhas
Gozag
Hepliaklqana
Kikubaaqudgha
Makhleb
Nemelex Xobeh
Okawaru
Qazlal
Ru
Trog
Uskayaw
Vehumet
Wu Jian
Xom
Yredelemnul
Zin
The Shining One


Innate Abilities, Weirdness & Mutations

You cannot wear most types of armour.
You are very stealthy in the water. (Stealth+)
You are amphibious.
You can wear up to eight rings at the same time.
You can use your tentacles to constrict eight enemies at once.
Your skin changes colour to match your surroundings (Stealth+).
Your rubbery body absorbs attacks. (AC +1, EV +1)
You are partially covered in large bone plates. (SH +4)
You can translocate small distances at will.
Scrolls take you a little longer to read.
Your mind is acute. (Int +2)
Your body sometimes deteriorates upon taking damage.
Your system is resistant to poisons. (rPois)
You are resistant to electric shocks. (rElec)
You expend magic power (3 MP) to strengthen your wands.


Message History

* * * LOW HITPOINT WARNING * * *
You block the killer bee's attack. The killer bee closely misses you.
You block the killer bee's attack.
You miss the killer bee. Your grab misses the killer bee.
The killer bee is almost dead.
The killer bee stings you.
* * * LOW HITPOINT WARNING * * *
You block the killer bee's attack. The killer bee closely misses you.
The killer bee misses you. The killer bee closely misses you.
The killer bee stings you.
* * * LOW HITPOINT WARNING * * *
It was a potion of might.
You feel very mighty all of a sudden. The killer bee stings you!
* * * LOW HITPOINT WARNING * * *
The killer bee is struck by lightning.
You kill the killer bee!
Qazlal accepts your kill.
You block the killer bee's attack. x2; The killer bee stings you.
You die...

.........#
......^..##############
######..........>.....#
#.<..............#
#...)............#
#................#
#........<.......#
#.........y.y....#
######.........ยง@y....#
.....#...........[....#
.....#................#
.....'................#
.....#...)............#
..>..#................#
.....##################
......# ......#


You could see 3 killer bees.

Vanquished Creatures
  The ghost of M4edhros the Covert, a novice OpAr (D:5)
  A hungry ghost (D:7)
  Menkaure (D:7)
  2 ice beasts
  3 sky beasts
  A black bear (D:7)
  A phantom (D:4)
  2 ogres
  A centaur (D:5)
  A bullfrog (D:8)
  A wyvern zombie (D:6)
  4 scorpions
  A killer bee (D:8)
  7 wights
  A howler monkey (D:5)
  A centaur zombie (D:8)
  A crimson imp (D:8)
  A centaur skeleton (D:5)
  3 hounds
  3 jellies
  Crazy Yiuf (D:7)
  2 orc wizards (D:6)
  8 worker ants
  14 gnolls
  15 adders
  A howler monkey skeleton (D:6)
  2 shadow imps
  2 oozes
  An adder zombie (D:6)
  3 worms
  2 dart slugs
  3 leopard geckos
  16 orcs
  2 ball pythons (D:1)
  9 bats
  5 giant cockroaches
  9 goblins
  12 hobgoblins
  7 jackals
  2 quokkas
  6 frilled lizards
  5 kobolds
  5 rats (D:1)
  2 fungi (D:7)
171 creatures vanquished.

Vanquished Creatures (collateral kills)
  A hungry ghost (D:7)
  The ghost of M4edhros the Sneak, an amateur OpAr (D:4)
  A gnoll (D:5)
  2 orcs (D:6)
5 creatures vanquished.

Vanquished Creatures (others)
  A hound (D:6)
  A bullfrog skeleton (D:4)
2 creatures vanquished.

Grand Total: 178 creatures vanquished

Notes
Turn   | Place    | Note
-------+----------+-------------------------------------------
     0 | D:1      | M4edhros the Octopode Artificer began the quest for the Orb.
     0 | D:1      | Reached XP level 1. HP: 13/13 MP: 3/3
   106 | D:1      | Reached skill level 2 in Stealth
   106 | D:1      | Reached XP level 2. HP: 8/18 MP: 4/4
   108 | D:1      | Reached skill level 3 in Stealth
   434 | D:1      | Reached skill level 4 in Stealth
   477 | D:1      | Reached XP level 3. HP: 14/23 MP: 5/5
   960 | D:2      | Reached skill level 5 in Stealth
   966 | D:2      | Found an iron altar of Okawaru.
  1012 | D:2      | Reached XP level 4. HP: 23/28 MP: 6/6
  1040 | D:2      | Found a snail-covered altar of Cheibriados.
  1264 | D:2      | Reached skill level 6 in Stealth
  1415 | D:4      | Found a shattered altar of Ashenzari.
  1453 | D:4      | Reached XP level 5. HP: 25/33 MP: 7/7
  1474 | D:4      | Found an ancient bone altar of Kikubaaqudgha.
  1516 | D:4      | Reached skill level 7 in Stealth
  1581 | D:4      | Noticed M4edhros's ghost (amateur OpAr)
  1584 | D:4      | Found a hide-covered altar of Uskayaw.
  1586 | D:4      | Noticed an ogre
  1603 | D:4      | Killed M4edhros's ghost
  1617 | D:4      | Noticed a hand axe
  1618 | D:4      | Noticed a dagger
  1747 | D:4      | Reached skill level 8 in Stealth
  2002 | D:4      | Reached XP level 6. HP: 34/38 MP: 8/8
  2118 | D:4      | Reached skill level 9 in Stealth
  2665 | D:4      | Reached skill level 1 in Polearms
  2665 | D:4      | Reached XP level 7. HP: 43/43 MP: 9/9
  2688 | D:5      | Entered Level 5 of the Dungeon
  3152 | D:5      | Found an ornate altar of the Wu Jian Council.
  3187 | D:5      | Found a sacrificial altar of Ru.
  3244 | D:5      | Reached skill level 10 in Stealth
  3826 | D:5      | Gained mutation: Your body sometimes deteriorates upon taking damage. [potion of mutation]
  3826 | D:5      | Gained mutation: Your system is resistant to poisons. (rPois) [potion of mutation]
  3826 | D:5      | Gained mutation: You are resistant to electric shocks. (rElec) [potion of mutation]
  4150 | D:5      | Reached XP level 8. HP: 6/51 MP: 10/10
  4466 | D:5      | Noticed M4edhros's ghost (novice OpAr)
  4783 | D:5      | Killed M4edhros's ghost
  5053 | D:6      | Reached skill level 11 in Stealth
  5814 | D:6      | Reached XP level 9. HP: 27/58 MP: 11/11
  5857 | D:6      | Gained mutation: You are partially covered in large bone plates. (SH +4) [mutagenic meat]
  5858 | D:6      | Gained mutation: You expend magic power (3 MP) to strengthen your wands. [mutagenic meat]
  5859 | D:6      | Gained mutation: You are weak. (Str -2) [mutagenic meat]
  5860 | D:6      | Gained mutation: You are very weak. (Str -4) [mutagenic meat]
  5861 | D:6      | Lost mutation: You are very weak. (Str -4) [mutagenic meat]
  6053 | D:7      | Got a vibrating brass ring
  6054 | D:7      | Identified the ring "Jetotrei" {rPois rC+} (You found it on level 7 of the Dungeon)
  6071 | D:7      | Found a shimmering altar of Xom.
  6114 | D:7      | Noticed Menkaure
  6124 | D:7      | Killed Menkaure
  6124 | D:7      | Reached skill level 1 in Shields
  6499 | D:7      | Found a staircase to the Ecumenical Temple.
  6506 | Temple   | Entered the Ecumenical Temple
  6702 | Temple   | Became a worshipper of Qazlal Stormbringer
  7314 | D:3      | Found a basalt altar of Yredelemnul.
  8262 | D:7      | Reached skill level 5 in Polearms
  8262 | D:7      | Reached skill level 5 in Dodging
  8419 | D:7      | Found a runed door.
  8423 | D:7      | Noticed Crazy Yiuf
  8428 | D:7      | Killed Crazy Yiuf
  8526 | D:7      | Reached skill level 12 in Stealth
  8530 | D:7      | Gained mutation: Scrolls take you a little longer to read. [mutagenic meat]
  8531 | D:7      | Gained mutation: Your mind is acute. (Int +2) [mutagenic meat]
  8533 | D:7      | Gained mutation: You can translocate small distances at will. [mutagenic meat]
  8534 | D:7      | Lost mutation: You are weak. (Str -2) [mutagenic meat]
  8552 | D:8      | Reached * piety under Qazlal
  8552 | D:8      | Reached skill level 5 in Fighting
  8915 | D:8      | Found a bloodstained altar of Trog.
  9158 | D:8      | HP: 1/61 [killer bee (8)]
  9158 | D:8      | Slain by a killer bee

Vault maps used:
D:1:      minmay_arrival_cross
D:2:      lemuel_coloured_pillars_altar, first_bread,
          kennysheep_okawaru_gauntlet
D:3:      yredelemnul_altar_generic
D:4:      dancing_weapons_uskayaw, overflow_temple_1_default,
          nicolae_ashenzari_panopticon
D:5:      nicolae_ru_the_path_less_chosen, lemuel_doored_altar
D:6:      kennysheep_big_flooded_room
D:7:      black_bear_nest_1, xom_butterflies, minmay_temple_entry_nine_rooms,
          uniq_menkaure, uniq_crazy_yiuf_cottage
D:8:      kennysheep_mini_moat
D:9:      nicolae_overflow_crystal_walls, david_lair_generic
Temple:   nicolae_temple_figure_eight

Skill      XL: |  1  2  3  4  5  6  7  8  9 |
---------------+----------------------------+-----
Stealth        | 2 4 5 6 8 9 10 11 12 | 12.1
Polearms       | 1 2 4 5 |  5.5
Fighting       | 2 4 5 |  5.2
Dodging        | 3 4 5 |  5.6
Shields        | 4 |  4.3
Short Blades   | |  1.0
Evocations     | |  3.2

Action                   |  1- 3 |  4- 6 |  7- 9 || total
-------------------------+-------+-------+-------++-------
Melee: Short sword       |    67 |    12 |       ||    79
       Tentacles         |    13 |    14 |    61 ||    88
       Constrict         |    20 |    20 |    63 ||   103
       Mace              |       |    64 |       ||    64
       Trident           |       |    13 |   376 ||   389
 Abil: Blink             |       |       |     1 ||     1
Evoke: Wand              |     1 |     6 |    38 ||    45
  Use: Potion            |       |       |     8 ||     8
       Scroll            |       |       |     1 ||     1
 Stab: Sleeping          |    12 |     6 |    30 ||    48
       Paralysed         |       |     3 |       ||     3
       Distracted        |       |       |     1 ||     1
  Eat: Chunk             |       |     5 |    31 ||    36
       Royal jelly       |       |       |     2 ||     2
Armor: Skin              |     5 |    16 |    22 ||    43
Dodge: Dodged            |    46 |    80 |   192 ||   318
Block: Buckler           |       |       |    91 ||    91
